cohdb
Replays
Latest Replays
All Replays
Popular Replays
Top Player Replays
Match Explorer
How It Works
Community
CoH3 Stats
Reddit
Sign in to upload your games and track your stats! →
Sign in with Steam
Match 41595217
Unlisted
Match 41595217
Overview
Messages
Build Orders
End
Panzergrenadier Squad
Selects Italian Infantry
Panzergrenadier Squad
Panzergrenadier Squad
Construct Light Support Kompanie
MG34 Team
Construct Mechanized Kompanie
Panzerjäger Mechanized Group
Support Armor Elements
StuG III D Assault Gun
2.5-tonne Medical Truck
Selects Defensive Operations
Pak 38 Anti-tank Gun Team
Selects Prepared Positions
Pak 38 Mechanized Group
Construct Panzerarmee Kommand
Selects Obice 305mm Barrage
Armored Reserves
Combat Half-tracks
Tungsten Core Ammunition
2.5-tonne Medical Truck
Walking Stuka Rocket Launcher
Selects Guastatori Squad
Selects Registered Artillery
Panzer IV Assault Group
2.5-tonne Medical Truck
Selects Towed Cannone da 105/28 Field Howitzer
Emergency Repair Kits
Tiger Heavy Tank
Flak 36 Anti-tank Gun Team
Panzer IV Assault Group
Flakvierling Half-track
UH|dun! ツ
Fennerai
razzie
gUi
GregLim
ПовелительТиранov
0
0
Comments
sign in to comment!
No comments posted yet!